Description

Hi, Today, we're gonna look at a build order very specific to certain maps, but i do love ! It is the 7 Gates Robo executed without immortal :) Instead, you hit a strong timing push with sentry, mass adepts, a prism, and you crush your opponent by baiting him with adepts, and locking him inside his main base (as shown in the video and replay). Just take his 3rd base while you force field his ramp and start investing into a disruptor switch :D

If you execute your BO correctly, the zerg might feel in this awkward situation

Please note that you can only execute this BO on maps that require only one forcefield to block the ramp between the 1st and the 3nd base (e.g Dusk Tower, Orbital Shipyard)

VOD

https://www.youtube.com/watch?v=m4t6dUda2kk

Replay - LiquidTLO v MelloW: Game 1 - Orbital Shipyard

Build Order

Get SALT Encoding   

  14  0:20  Pylon  
  17  1:00  Nexus  
  18  1:10  Gateway  
  19  1:20  Assimilator  
  20  1:30  Assimilator  
  21  1:40  Pylon  
  22  2:00  Gateway  
  23  2:05  Cybernetics Core  
  29  2:40  Warp Gate (Chrono Boost)  
  33  2:45  Adept (Chrono Boost)  
  36  2:55  Adept (Chrono Boost)  
  36  3:00  Robotics Facility  
  39  3:05  Mothership Core  
  39  3:10  Sentry  
  42  3:15  Pylon  
  44  3:30  Gateway x2  
  46  3:40  Sentry  
  54  3:50  Warp Prism (Chrono Boost)  
  54  3:55  Pylon  
  54  4:00  Assimilator x2  
  54  4:05  Gateway x3  
  54  4:20  Observer  
Spawning Tool Build Advisor. Get it on Overwolf

Analysis

Launch the attack at 5min15, when the observer reaches your army (composed approximately of 15 adepts, and 2 sentries in a warp prism) Beware the regular forcefields to block the Zerg and the possible mutalisk production, and you may win with style ;D

Go to:

Details

  • Created by: Ownards 
  • Published on: Jan 27, 2016
  • Modified on: Jan 27, 2016
  • Patch: Pre-3.8.0
Show
View Real Time Build Order
Export as new Build Order

Comments (4)

On Feb. 8, 2016, 3:10 p.m., Ownards  said:

Thanks costta, i hope you will rape some dirty Zergs on the ladder :D

On Feb. 4, 2016, 10:33 p.m., costta  said:

Very nice build if zerg take early 3rd and no make many lings to denied 3rd protoss.. also, perfect timming attack in 5:15 and trap with adepts and block the ramp w FF

On Jan. 27, 2016, 11:49 a.m., Ownards  said:

Thank's MorN, it's a pleasure ;D

On Jan. 27, 2016, 11:47 a.m., MorN  said:

wonderful build, video, and writeup as usual. We are lucky to have you in this community!

Create an account to comment!